 Dungeon Crawl Stone Soup version 0.28-a0-46-g7b1be97da7 (webtiles) character file.

Game seed: 9562985736001956893

301 Spaninq the Ruffian (level 6, -7/58 (62) HPs)
             Began as a Troll Delver on July 29, 2021.
             Mangled by Crazy Yiuf (20 damage)
             ... on level 3 of the Dungeon.
             The game lasted 00:06:36 (1935 turns).

Spaninq the Ruffian (Troll Delver)                  Turns: 1935, Time: 00:06:36

HP:   -7/58 (62)    AC:  4    Str: 23    XL:     6   Next: 14%
MP:   5/5           EV: 15    Int:  6    God:
Gold: 75            SH:  0    Dex: 17    Spells: 5/5 levels left

rFire   . . .      SeeInvis .     - Unarmed
rCold   . . .      Faith    .   (no shield)
rNeg    . . .      Spirit   .   a - +0 robe
rPois   .          Reflect  .   (helmet restricted)
rElec   .          Harm     .   (no cloak)
rCorr   .          Rampage  .   (gloves unavailable)
Will    .....                   (boots unavailable)
Stlth   ++........              (no amulet)
HPRegen 1.19/turn               o - +6 ring of dexterity
MPRegen 0.09/turn               (no ring)

@: agile, hasted, drained, very quick
A: large, unfitting armour, claws 3, regeneration 1, shaggy fur 1, tough skin 1
a: no special abilities


You were on level 3 of the Dungeon.
You visited 1 branch of the dungeon, and saw 5 of its levels.

You collected 75 gold pieces.

Inventory:

Armour
 a - a +0 robe (worn)
Jewellery
 l - an amulet of faith
 o - a +6 ring of dexterity (left claw)
 t - a ring of magical power
 v - an amulet of magic regeneration
Wands
 f - a wand of digging (10)
 g - a wand of flame (25)
Scrolls
 b - 2 scrolls of fog
 c - a scroll of magic mapping
 d - a scroll of fear
 e - a scroll of amnesia {unknown}
 h - 3 scrolls of holy word {unknown}
 i - 3 scrolls of teleportation {unknown}
 j - a scroll of enchant armour {unknown}
Potions
 k - a potion of degeneration {unknown}
 m - 2 potions of mutation {unknown}
 n - 2 potions of ambrosia {unknown}
 q - a potion of heal wounds {unknown}
 r - 3 potions of curing {unknown}
 s - a potion of magic {unknown}
 u - a potion of berserk rage {unknown}
 w - a potion of flight {unknown}


   Skills:
 + Level 3.8 Fighting
 - Level 1.5 Dodging
 - Level 2.7 Stealth
 * Level 5.4 Unarmed Combat


You had 5 spell levels left.
You didn't know any spells.
Your spell library contained the following spells:

 Spells                   Type           Power      Damage    Failure   Level
 Slow                     Hex            0%         N/A       58%         2
 Confusing Touch          Hex            0%         N/A       83%         3
 Conjure Flame            Conj/Fire      0%         6-21      83%         3
 Ignite Poison            Fire/Tmut/Pois 0%         N/A       83%         3
 Vampiric Draining        Necr           0%         2d6       83%         3
 Sticky Flame             Conj/Fire      0%         2d3       99%         4


Dungeon Overview and Level Annotations

Branches:
Dungeon (5/15)
 Temple: D:4-7

Altars:
Qazlal

Shops:
D:3 ?

Annotations:
D:3 2 runed translucent doors, Crazy Yiuf, Grinder


Innate Abilities, Weirdness & Mutations

You are too large for most types of armour.
You have claws for hands.
Your natural rate of healing is unusually fast.
You are covered in fur. (AC +1)
You have tough skin. (AC +1)


Message History

You kill the rat!
Found a mace.
Found a runed translucent door.
You open the door.
There is an open translucent door here.
The helpless Crazy Yiuf fails to defend himself.
You claw Crazy Yiuf!
Crazy Yiuf is moderately wounded.
Crazy Yiuf yells, "Rot!"
Crazy Yiuf hits you with a +3 quarterstaff of chaos!
Crazy Yiuf draws strength from your wounds!
You closely miss Crazy Yiuf.
Crazy Yiuf hits you with a +3 quarterstaff of chaos!
Space bends around you.
You claw Crazy Yiuf!
Crazy Yiuf is moderately wounded.
Crazy Yiuf hits you with a +3 quarterstaff of chaos!
You feel agile all of a sudden.
You barely miss Crazy Yiuf.
Crazy Yiuf is moderately wounded.
Crazy Yiuf yells, "Lay blue alas!"
Crazy Yiuf barely misses you.
You scratch Crazy Yiuf.
Crazy Yiuf is heavily wounded.
Crazy Yiuf hits you with a +3 quarterstaff of chaos!
You feel drained.
You scratch Crazy Yiuf but do no damage.
Crazy Yiuf is heavily wounded.
You closely miss Crazy Yiuf.
Crazy Yiuf is heavily wounded.
Crazy Yiuf drinks a potion.
Crazy Yiuf seems to grow stronger.
You scratch Crazy Yiuf but do no damage.
Crazy Yiuf is heavily wounded.
Crazy Yiuf hits you with a +3 quarterstaff of chaos!
* * * LOW HITPOINT WARNING * * *
You feel drained.
* * * LOW HITPOINT WARNING * * *
You feel yourself speed up.
Crazy Yiuf says, "Ice song shoe!"
Crazy Yiuf hits you with a +3 quarterstaff of chaos!!
You die...

.####.##.....
#####.# ....
......# . .....##
.....# .....#
.....##♣♣ #####
.....+..♣♣ ♣♣#..)#
.........♣♣♣♣.'.@g#
..........♣..♣#...#
.....+...♣.♣♣♣#####
...[.##♣♣♣♣♣ ######


You could see Crazy Yiuf (strong).

Vanquished Creatures
  A scorpion (D:4)
  Ijyb (D:4)
  Terence (D:3)
  2 iguanas (D:4)
  A hound skeleton (D:4)
  An adder (D:3)
  An ufetubus (D:4)
  An adder skeleton (D:4)
  2 worms
  3 dart slugs
  9 orcs
  2 ball pythons
  3 endoplasms (D:1)
  3 giant cockroaches
  8 goblins
  4 hobgoblins
  19 jackals
  3 quokkas
  7 bats
  2 frilled lizards
  7 kobolds
  3 rats
84 creatures vanquished.

Notes
Turn   | Place    | Note
-------+----------+-------------------------------------------
     0 | D:5      | Spaninq the Troll Delver began the quest for the Orb.
     0 | D:5      | Reached XP level 1. HP: 22/22 MP: 0/0
    17 | D:5      | Noticed a water moccasin
    52 | D:5      | Noticed a hound
    58 | D:5      | Noticed an ogre
    81 | D:4      | Found a stormy altar of Qazlal.
   121 | D:4      | Reached XP level 2. HP: 25/29 MP: 1/1
   163 | D:4      | Reached skill level 3 in Unarmed Combat
   163 | D:4      | Reached XP level 3. HP: 36/36 MP: 2/2
   218 | D:4      | Reached XP level 4. HP: 45/45 MP: 3/3
   220 | D:4      | Noticed a scorpion
   224 | D:4      | Killed a scorpion
   225 | D:4      | Reached skill level 4 in Unarmed Combat
   281 | D:4      | Noticed Ijyb
   300 | D:4      | Killed Ijyb
   301 | D:4      | Reached XP level 5. HP: 43/53 MP: 4/4
   371 | D:3      | Found Pocwynic's Magic Scroll Shop.
   807 | D:1      | Reached skill level 5 in Unarmed Combat
  1684 | D:3      | Noticed Terence
  1759 | D:3      | Killed Terence
  1760 | D:3      | Reached XP level 6. HP: 61/62 MP: 5/5
  1803 | D:3      | Found a runed translucent gate.
  1804 | D:3      | Found a runed translucent gate.
  1835 | D:3      | Noticed Grinder
  1919 | D:3      | Found a runed translucent door.
  1920 | D:3      | Noticed Crazy Yiuf
  1935 | D:3      | Mangled by Crazy Yiuf

Illustrated notes

Levels and vault maps discovered:
D:1:      eino_arrival_tree_alley, layout_basic
D:2:      layout_loops_corners, minmay_tiny_reverse_x
D:3:      layout_rooms, serial_shops, nicolae_shop_crystal, gammafunk_ghost_icy,
          uniq_terence, uniq_crazy_yiuf_cottage, uniq_grinder, uniq_jessica
D:4:      layout_basic, nicolae_qazlal_general_emergency,
          chequers_serial_rivers_small_a, nicolae_take_the_stairs, uniq_ijyb
D:5:      layout_cave_pools, amcnicky_altar_gilded, lemuel_round_altar,
          serial_shops, nicolae_stop_n_shop_1, minmay_misc_feat_encased

Skill      XL: |  1  2  3  4  5 |
---------------+----------------+-----
Unarmed Combat | 3 4 5 |  5.4
Fighting       | 3 |  3.8
Dodging        | |  1.5
Stealth        | |  2.7

Action                   |  1- 3 |  4- 6 || total
-------------------------+-------+-------++-------
Melee: Unarmed           |    20 |   189 ||   209
       Punch             |     1 |     4 ||     5
  Use: Potion            |     1 |     1 ||     2
 Stab: Sleeping          |       |     7 ||     7
       Distracted        |       |     1 ||     1
Armor: Robe              |     2 |    55 ||    57
Dodge: Dodged            |    13 |    90 ||   103

Table legend: (Time is in decaauts)
 A = Elapsed time spent in this place.
 B = Non-inter-level travel time spent in this place.
 C = Inter-level travel time spent in this place.
 D = Time resting spent in this place.
 E = Time spent auto-exploring this place.
 F = Levels seen in this place.
 G = Mean time per level.
                   A        B        C        D        E       F      G
               +--------+--------+--------+--------+--------+-----+--------+
         Total |   1899 |   1843 |     56 |      0 |   1124 |   5 |  379.8 |
       Dungeon |   1899 |   1843 |     56 |      0 |   1124 |   5 |  379.8 |
               +--------+--------+--------+--------+--------+-----+--------+

Top non-repeatable levels by time:
     D:2: 822 daAuts
     D:1: 490 daAuts
     D:4: 287 daAuts
     D:3: 236 daAuts
     D:5: 62 daAuts
